 Dungeon Crawl Stone Soup version 0.31-a0-986-g5e6e4ef867 (webtiles) character file.

Game seed: 18012948715889088977

180 LordRotharoth the Chopper (level 5, 0/45 HPs)
             Began as a Minotaur Gladiator on Nov 20, 2023.
             Killed from afar by an electric eel (11 damage)
             ... with a bolt of electricity
             ... on level 7 of the Dungeon.
             The game lasted 00:09:16 (1330 turns).

LordRotharoth the Chopper (Minotaur Gladiator)      Turns: 1330, Time: 00:09:17

Health: 0/45       AC: 11    Str: 27    XL:     5   Next: 33%
Magic:  13/13      EV: 11    Int:  8    God:
Gold:   141        SH:  0    Dex: 17    Spells: 4/4 levels left

rFire   . . .        a - +0 war axe
rCold   . . .        (no shield)
rNeg    . . .        i - +0 chain mail
rPois   .            c - +0 hat
rElec   .            (no cloak)
rCorr   .            (no gloves)
SInv    .            j - +2 pair of boots
Will    .....        (no amulet) Stlth
                     f - +6 ring of dexterity
HPRegen 0.27/turn    l - ring "Wofamon" {Will- MP+9 Str+6 Int+3}
MPRegen 0.13/turn

%: no passive effects
@: no status effects
A: horns 2, retaliatory headbutt
a: no special abilities


You were on level 7 of the Dungeon.
You visited 1 branch of the dungeon, and saw 5 of its levels.
You also visited: Sewer.

You collected 141 gold pieces.

Inventory:

Hand Weapons
 a - a +0 war axe (weapon)
Missiles
 d - 3 throwing nets (quivered)
 e - a javelin
 h - 13 stones
Armour
 c - a +0 hat (worn)
 i - a +0 chain mail (worn)
 j - a +2 pair of boots (worn)
Jewellery
 f - a +6 ring of dexterity (left hand)
 l - the ring "Wofamon" (right hand) {Will- MP+9 Str+6 Int+3}
   (You found it in a sewer)

   [ring of strength]

   Str+6:     It affects your strength (+6).
   Int+3:     It affects your intelligence (+3).
   Will-:     It decreases your willpower.
   MP+9:      It affects your magic capacity (+9).
Scrolls
 g - 2 scrolls of identify


   Skills:
 + Level 3.1 Fighting
 + Level 5.6 Axes
 + Level 2.4 Throwing
 + Level 1.6 Armour
 + Level 4.3 Dodging


You had 4 spell levels left.
You didn't know any spells.
Your spell library was empty.

Dungeon Overview and Level Annotations

Branches:
Dungeon (3/15)              Sewer (visited)

Altars:
Ashenzari


Innate Abilities, Weirdness & Mutations

You have a pair of horns on your head.
You reflexively headbutt those who attack you in melee.


Message History

An orc priest comes into view. It is wielding a +0 whip.
The orc moves out of view.
There are monsters nearby!
There are monsters nearby!
Found a broken altar of Ashenzari.
Found a stone staircase leading down.
Found a stone staircase leading up.
Found a scroll of noise.
You open the large door.
An electric eel comes into view.
Found a scroll of teleportation.
There is a large open door here.
An electric eel comes into view.
Why would you want to do that?
There are monsters nearby!
The electric eel shoots out a bolt of lightning at you!
The bolt of electricity misses you.
You barely miss the electric eel.
The electric eel shoots out a bolt of lightning at you!
The bolt of electricity hits you.
The electric eel shoots out a bolt of lightning at you!
The bolt of electricity hits you!
You closely miss the electric eel. You hit the electric eel.
Your headbutt misses the electric eel.
The electric eel is lightly wounded.
The electric eel shoots out a bolt of lightning at you!
The bolt of electricity hits you.
The electric eel shoots out a bolt of lightning at you!
The bolt of electricity hits you!
You hear a shout!
You hit the electric eel.
The electric eel is moderately wounded.
The electric eel shoots out a bolt of lightning at you!
The bolt of electricity hits you!
* * * LOW HITPOINT WARNING * * *
You barely miss the electric eel.
The electric eel is moderately wounded.
The electric eel shoots out a bolt of lightning at you!
The bolt of electricity hits you!
You die...

......#####.............
.......oY#..............
......oo##.............?
......###...............
....###.............##
.....#.####........#
.....#.# ####..#### ###
#.# ####''#### #.#
##≈≈S@.≈≈≈## ########.#
#≈≈≈≈..≈≈≈≈#
.........##≈≈≈≈≈..≈≈≈≈≈#
.#########≈≈≈≈≈≈..≈≈≈≈≈≈
.......# ≈≈≈≈≈≈≈..≈≈≈≈≈≈
..####.# ≈≈≈≈≈≈≈..≈≈≈≈≈≈
..# #.# ≈≈≈≈≈S≈.?≈≈≈≈≈≈
..####.# ≈≈≈≈≈≈#..#≈≈≈≈≈
.......# ≈≈≈≈≈≈.##.≈≈≈≈≈


You could see 2 electric eels.

Vanquished Creatures
  A water moccasin (Sewer)
  4 adders
  A worm (D:2)
  4 dart slugs
  4 ball pythons
  2 endoplasms
  3 giant cockroaches (D:3)
  A hobgoblin (D:3)
  3 jackals (Sewer)
  A quokka (D:3)
  5 bats
  2 frilled lizards
  3 rats
34 creatures vanquished.

Notes
Turn   | Place    | Note
-------+----------+-------------------------------------------
     0 | D:1      | LordRotharoth the Minotaur Gladiator began the quest for
                  | the Orb.
     0 | D:1      | Reached XP level 1. HP: 18/18 MP: 0/0
   131 | D:1      | Reached skill level 4 in Axes
   133 | D:1      | Reached XP level 2. HP: 25/25 MP: 1/1
   501 | D:2      | Reached XP level 3. HP: 30/30 MP: 2/2
   813 | D:3      | Found a glowing drain.
   838 | D:3      | Reached XP level 4. HP: 37/37 MP: 3/3
   859 | Sewer    | Entered a sewer
   912 | Sewer    | Noticed a water moccasin
   922 | Sewer    | Killed a water moccasin
   923 | Sewer    | Reached skill level 5 in Axes
   923 | Sewer    | Reached skill level 1 in Armour
   923 | Sewer    | Reached XP level 5. HP: 42/45 MP: 4/4
   977 | Sewer    | Identified the ring "Wofamon" {Will- MP+9 Str+6 Int+3}
  1038 | D:3      | You fall into a shaft and drop 1 floor!
  1049 | D:4      | You fall into a shaft and drop 3 floors!
  1290 | D:7      | Found a broken altar of Ashenzari.
  1291 | D:7      | Noticed an ice beast
  1330 | D:7      | Killed from afar by an electric eel

Illustrated notes

Levels and vault maps discovered:
D:1:      dpeg_arrival_rooms_a, layout_basic, minmay_misc_feat_encased
D:2:      layout_basic
D:3:      layout_loops_ring, mainiacjoe_overflow_alcove_1,
          gup_sewer_entry_glass, minmay_bisected
D:4:      layout_basic, grunt_temple_overflow_open
D:7:      kennysheep_big_flooded_room, layout_basic, makhleb_heckhound_becter,
          nicolae_ashenzari_skybound, mainiacjoe_overflow_catch_the_wave,
          temple_statues, uniq_pikel

Skill      XL: |  1  2  3  4 |
---------------+-------------+-----
Axes           | 4 5 |  5.6
Dodging        | 4 |  4.3
Fighting       | 3 |  3.1
Armour         | 1 |  1.6
Throwing       | |  2.4

Action                     |  1- 3 |  4- 6 || total
---------------------------+-------+-------++-------
  Melee: War axe           |    56 |    19 ||    75
         Headbutt          |     7 |     1 ||     8
  Throw: Throwing net      |     1 |       ||     1
    Use: Scroll            |     7 |     2 ||     9
         Potion            |     1 |     1 ||     2
 Armour: Leather armour    |    24 |       ||    24
         Chain mail        |    21 |    19 ||    40
  Dodge: Dodged            |    41 |    13 ||    54

Table legend: (Time is in decaauts)
 A = Elapsed time spent in this place.
 B = Non-inter-level travel time spent in this place.
 C = Inter-level travel time spent in this place.
 D = Time resting spent in this place.
 E = Time spent auto-exploring this place.
 F = Levels seen in this place.
 G = Mean time per level.
                   A        B        C        D        E       F      G
               +--------+--------+--------+--------+--------+-----+--------+
         Total |   1366 |   1362 |      4 |    225 |     18 |   6 |  227.7 |
       Dungeon |   1189 |   1185 |      4 |    225 |      0 |   5 |  237.8 |
         Sewer |    176 |    176 |      0 |      0 |     18 |   1 |  176.0 |
               +--------+--------+--------+--------+--------+-----+--------+

Top non-repeatable levels by time:
     D:2: 529 daAuts
     D:7: 281 daAuts
     D:3: 184 daAuts
     D:1: 182 daAuts
   Sewer: 176 daAuts
     D:4: 10 daAuts
